 Dungeon Crawl Stone Soup version 0.22-a0-247-gbddf880 (webtiles) character file.

12117 b5mith the Carver (level 11, -10/102 HPs)
             Began as a Minotaur Berserker on Feb 24, 2018.
             Was a High Priest of Trog.
             Mangled by a ten-headed hydra (11 damage)
             ... on level 1 of the Lair of Beasts.
             The game lasted 00:25:52 (9879 turns).

b5mith the Carver (Minotaur Berserker)              Turns: 9879, Time: 00:25:52

Health: -10/102    AC: 19    Str: 30    XL:     11   Next: 58%
Magic:  10/10      EV: 18    Int:  4    God:    Trog [*****.]
Gold:   771        SH:  0    Dex: 18    Spells: 10/10 levels left

rFire    . . .     SeeInvis +   I - +2 great sword (protect)
rCold    . . .     Gourm    +   (shield currently unavailable)
rNeg     . . .     Faith    .   H - +2 scale mail "Ywnell" {*Contam rElec MR+ Str+6 Dex+7}
rPois    .         Spirit   .   (helmet restricted)
rElec    +         Reflect  .   J - +0 cloak
rCorr    .         Harm     .   (no gloves)
MR       +....                  (no boots)
Stlth    ..........             j - amulet of the gourmand
HPRegen  0.27/turn              G - ring of see invisible
MPRegen  0.12/turn              (no ring)

@: protection aura, berserk cooldown, slowed, very slow
A: retaliatory headbutt, horns 2
a: Berserk, Trog's Hand, Brothers in Arms, Renounce Religion


You were on level 1 of the Lair of Beasts.
You worshipped Trog.
Trog was extremely pleased with you.
You were very full.

You visited 2 branches of the dungeon, and saw 10 of its levels.
You also visited: Sewer.

You collected 771 gold pieces.

Inventory:

Hand Weapons
 a - a +1 falchion
 r - a +3 great sword
 I - a +2 great sword of protection (weapon)
Missiles
 o - a throwing net
 x - 9 tomahawks (quivered)
 C - 4 javelins
Armour
 b - a +0 animal skin
 k - a +0 plate armour
 H - the +2 scale mail "Ywnell" (worn) {*Contam rElec MR+ Str+6 Dex+7}
   (You found it on level 9 of the Dungeon)

   It affects your strength (+6).
   It affects your dexterity (+7).
   It insulates you from electricity.
   It affects your resistance to hostile enchantments.
   It causes magical contamination when unequipped.
 J - a +0 cloak (worn)
 M - a +0 plate armour of poison resistance
 N - the +1 scale mail of the Leaf {rF+ MP+9, unknown}
   (You found it on level 9 of the Dungeon)

   It protects you from fire.
   It affects your magic capacity (+9).
Jewellery
 j - an amulet of the gourmand (around neck)
 G - a ring of see invisible (left hand)
Wands
 y - a wand of flame (56)
Scrolls
 e - 5 scrolls of enchant armour
 h - 2 scrolls of fog
 m - a scroll of enchant weapon
 u - 2 scrolls of immolation
 v - 4 scrolls of remove curse {@r2}
 z - 2 scrolls of teleportation {unknown}
 A - a scroll of vulnerability {unknown}
 D - 2 scrolls of fear
 F - a scroll of blinking {unknown}
 L - a scroll of identify {@r1}
Potions
 d - a potion of agility {unknown}
 f - a potion of lignification {unknown}
 g - 3 potions of ambrosia
 i - a potion of degeneration {unknown}
 l - 2 potions of heal wounds
 n - a potion of might {unknown}
 p - a potion of brilliance {unknown}
 q - 3 potions of haste {unknown}
 s - a potion of mutation {unknown}
 t - a potion of invisibility {unknown}
 w - a potion of cancellation {unknown}
 B - a potion of flight {unknown}
 E - 5 potions of curing {unknown}
Comestibles
 c - 22 rations
 K - 7 chunks of flesh


   Skills:
 + Level 11.5 Fighting
 + Level 11.5 Long Blades
 + Level 11.3 Armour
 + Level 10.4 Dodging


You had 10 spell levels left.
You didn't know any spells.

Dungeon Overview and Level Annotations

Branches:
Dungeon (9/15)             Temple (0/1) D:7            Lair (1/6) D:9
    Orc (0/2) D:9

Altars:
Ashenzari
Cheibriados
Elyvilon
Fedhas
Kikubaaqudgha
Makhleb
Okawaru
Sif Muna
Trog
Vehumet
Yredelemnul
The Shining One

Portals:
Bailey: D:7


Innate Abilities, Weirdness & Mutations

You reflexively headbutt those who attack you in melee.
You have a pair of horns on your head.


Message History

The ten-headed hydra closely misses you.
The ten-headed hydra misses you.
The ten-headed hydra closely misses you.
The ten-headed hydra misses you. The ten-headed hydra bites you!
* * * LOW HITPOINT WARNING * * *
The ten-headed hydra bites you but does no damage.
The ten-headed hydra completely misses you. x2
You furiously retaliate!
You headbutt the ten-headed hydra.
You riposte.
You barely miss the ten-headed hydra.
You headbutt the ten-headed hydra, but do no damage.
The ten-headed hydra is severely wounded.
The ten-headed hydra bites you but does no damage.
The ten-headed hydra barely misses you. x2
The ten-headed hydra closely misses you.
The ten-headed hydra bites you.
* * * LOW HITPOINT WARNING * * *
The ten-headed hydra barely misses you. The ten-headed hydra misses you.
The ten-headed hydra bites you but does no damage.
The ten-headed hydra bites you!
You die...

#[# #..# #.# #.### ##.#
#####'#.### PP######### ##..#
#..†......# ........#.###.+P##
#.........# .......%.##P.....##
#.........#
......##...'P..†..#####.........#
..... #####.....#....'.........#
.... #...D@+.####.>.......# #.#
#.....### #.........# # #......#
#.........# ##P##### ####P######
### ###


You could see a ten-headed hydra.

Vanquished Creatures
  4 two-headed ogres
  The ghost of Raine357 the Magician, a novice GnEE of Ru (D:9)
  The ghost of partyfoot3 the Magician, a novice GnSk of Okawaru (D:8)
  An unseen horror (D:9)
  Pikel (D:6)
  A deep elf mage (D:9)
  2 manticores (D:9)
  Joseph (D:8)
  2 hippogriffs
  3 blink frogs (Lair:1)
  A spriggan (D:9)
  A wyvern (D:8)
  2 hungry ghosts (D:7)
  Duvessa (D:4)
  A water moccasin (Lair:1)
  Purgy (Sewer)
  2 hell hounds (D:9)
  A slave (D:6)
  2 porcupines (Lair:1)
  An ice beast (D:7)
  2 sky beasts
  2 phantoms
  3 orc warriors (D:9)
  An ogre (D:5)
  A black bear (D:7)
  3 centaurs
  3 crocodiles
  7 bullfrogs
  A big kobold (D:9)
  A wyvern skeleton (D:9)
  A scorpion (D:4)
  Dowan (D:4)
  3 killer bees (D:7)
  A water moccasin skeleton (D:7)
  4 wights (D:4)
  2 howler monkeys
  2 bullfrog zombies (D:9)
  4 crimson imps
  2 centaur zombies
  An iron imp (D:7)
  5 orc priests
  6 hounds
  3 jellies
  A bullfrog skeleton (D:5)
  5 orc wizards
  An iguana (D:7)
  3 worker ants
  A statue (D:9)
  A killer bee zombie (D:7)
  A hound zombie (D:7)
  2 hound skeletons
  A worker ant zombie (D:9)
  10 adders
  9 gnolls
  A shadow imp (D:6)
  An ooze (D:4)
  4 adder skeletons
  An adder zombie (D:9)
  5 worms
  A dart slug (D:1)
  4 leopard geckos
  28 orcs
  5 ball pythons
  8 giant cockroaches
  11 goblins
  15 hobgoblins
  18 jackals
  15 kobolds
  7 quokkas
  6 bats
  6 frilled lizards
  A goblin zombie (D:8)
  A quokka zombie (D:6)
  6 rats
268 creatures vanquished.

Vanquished Creatures (others)
  A slave (D:6)
  Blork the orc (D:6)
  A bullfrog zombie (D:6)
  An orc (D:6)
  A goblin (D:6)
  A hobgoblin (D:6)
  A kobold (D:6)
  A quokka (D:5)
8 creatures vanquished.

Grand Total: 276 creatures vanquished

Notes
Turn   | Place    | Note
-------+----------+-------------------------------------------
     0 | D:1      | b5mith the Minotaur Berserker began the quest for the Orb.
     0 | D:1      | Reached XP level 1. HP: 19/19 MP: 0/0
   304 | D:1      | Reached XP level 2. HP: 27/27 MP: 1/1
   492 | D:1      | You fall through a shaft!
   509 | D:2      | Reached XP level 3. HP: 26/33 MP: 2/2
   539 | D:2      | Found a glowing golden altar of the Shining One.
   618 | D:2      | Found an ancient bone altar of Kikubaaqudgha.
   718 | D:2      | Found a blossoming altar of Fedhas.
   855 | D:2      | Found a burning altar of Makhleb.
  1002 | D:2      | Reached XP level 4. HP: 38/41 MP: 3/3
  1181 | D:3      | Found a bloodstained altar of Trog.
  1274 | D:3      | Reached ** piety under Trog
  1400 | D:3      | Reached XP level 5. HP: 30/47 MP: 4/4
  1838 | D:3      | Found a glowing drain.
  1845 | Sewer    | Entered a sewer
  1929 | Sewer    | Noticed Purgy
  1952 | Sewer    | Killed Purgy
  1952 | Sewer    | Reached skill level 5 in Fighting
  1952 | Sewer    | Reached skill level 5 in Long Blades
  1952 | Sewer    | Reached XP level 6. HP: 19/56 MP: 5/5
  2272 | D:4      | HP: 3/84 [wight/halberd of freezing (3)]
  2281 | D:4      | HP: 2/56 [poisoned by an adder]
  2623 | D:4      | Reached skill level 5 in Armour
  2623 | D:4      | Reached XP level 7. HP: 62/62 MP: 6/6
  2691 | D:4      | Noticed Dowan
  2696 | D:4      | Killed Dowan
  2708 | D:4      | Noticed Duvessa
  2724 | D:4      | Killed Duvessa
  2724 | D:4      | Reached *** piety under Trog
  3454 | D:5      | Entered Level 5 of the Dungeon
  3472 | D:5      | Found a white marble altar of Elyvilon.
  3536 | D:5      | Reached skill level 5 in Dodging
  4120 | D:5      | Reached XP level 8. HP: 71/71 MP: 7/7
  4656 | D:5      | Found a basalt altar of Yredelemnul.
  4762 | D:5      | Found a deep blue altar of Sif Muna.
  4919 | D:6      | Got a heavily runed buckler
  5005 | D:6      | Reached **** piety under Trog
  5233 | D:6      | Noticed Pikel
  5243 | D:6      | Killed Pikel
  5415 | D:6      | Killed Blork the orc
  5643 | D:6      | Reached ***** piety under Trog
  5806 | D:7      | Reached XP level 9. HP: 76/81 MP: 8/8
  6174 | D:7      | Found a staircase to the Ecumenical Temple.
  6235 | D:7      | Found a flagged portal.
  6245 | D:7      | Found a snail-covered altar of Cheibriados.
  6425 | D:8      | Noticed a two-headed ogre
  6432 | D:8      | Killed a two-headed ogre
  6643 | D:8      | Noticed partyfoot3's ghost (novice GnSk)
  6673 | D:8      | Noticed Joseph
  6676 | D:8      | Killed partyfoot3's ghost
  6676 | D:8      | Reached XP level 10. HP: 82/91 MP: 9/9
  6681 | D:8      | Killed Joseph
  7123 | D:8      | Found a runed door.
  7125 | D:8      | Found a basalt altar of Yredelemnul.
  7205 | D:8      | Noticed a two-headed ogre
  7214 | D:8      | Killed a two-headed ogre
  7214 | D:8      | Reached skill level 10 in Long Blades
  7238 | D:8      | Reached skill level 10 in Fighting
  7416 | D:8      | Noticed a two-headed ogre
  7422 | D:8      | Killed a two-headed ogre
  7702 | D:8      | Reached skill level 10 in Armour
  7982 | D:8      | Found an iron altar of Okawaru.
  8151 | D:9      | Found a staircase to the Lair.
  8343 | D:9      | Found a shattered altar of Ashenzari.
  8416 | D:9      | Got a heavily runed scale mail
  8427 | D:9      | Identified the +2 scale mail "Ywnell" {*Contam rElec MR+ Str+6 Dex+7} (You found it on level 9 of the Dungeon)
  8534 | D:9      | Found a staircase to the Orcish Mines.
  8642 | D:9      | Noticed a deep elf mage
  8648 | D:9      | Killed a deep elf mage
  8648 | D:9      | Received a gift from Trog
  8873 | D:9      | Found a burning altar of Makhleb.
  8916 | D:9      | Noticed a manticore
  8921 | D:9      | Killed a manticore
  8921 | D:9      | Reached XP level 11. HP: 90/101 MP: 10/10
  8931 | D:9      | Noticed Raine357's ghost (novice GnEE)
  8935 | D:9      | Noticed a two-headed ogre
  8961 | D:9      | Killed Raine357's ghost
  8966 | D:9      | Killed a two-headed ogre
  9138 | D:9      | Noticed an unseen horror
  9150 | D:9      | Reached skill level 10 in Dodging
  9151 | D:9      | Killed an unseen horror
  9163 | D:9      | Got a slimy scale mail
  9423 | D:9      | Found a radiant altar of Vehumet.
  9667 | Lair:1   | Entered Level 1 of the Lair of Beasts
  9858 | Lair:1   | Noticed a five-headed hydra
  9875 | Lair:1   | HP: 4/102 [nine-headed hydra (12)]
  9879 | Lair:1   | HP: 1/102 [ten-headed hydra (2)]
  9879 | Lair:1   | Mangled by a ten-headed hydra

Vault maps used:
D:1:      minmay_arrival_semitransparent, minmay_pentomino_q2
D:2:      makhleb_blood_cavern_becter, lemuel_doored_altar, fedhas_altar_1,
          tso_metal_star
D:3:      portal_sewer_entry_e, first_ration, bloody_trog
D:4:      mumra_celtic_spiral_tile, uniq_duvessa
D:5:      elyvilon_altar_4, lemuel_round_altar, kennysheep_little_box
D:6:      corexii_shantytown, minmay_misc_feat_secret_circle,
          uniq_blork_the_orc, uniq_pikel
D:7:      slow_altar_1, lemuel_temple_firewalk_b, enter_bailey_2,
          palyth_stone_intersect
D:8:      okawaru_altar_gauntlet_db, dk_yredelemnul_ordeal, uniq_joseph
D:9:      minmay_the_grid_triangle_9x9_rhombus_full, vehumet_statue,
          ashenzari_altar_1, minmay_lair_entry_lava, orc_0_dummy, the_bakery
Sewer:    kennysheep_door_sewer

Skill      XL: |  1  2  3  4  5  6  7  8  9 10 11 |
---------------+----------------------------------+-----
Fighting       | 4 5 6 8 9 10 11 | 11.5
Long Blades    | 4 5 6 7 9 10 11 | 11.5
Armour         | 3 4 5 6 7 9 10 11 | 11.3
Dodging        | 3 4 5 6 8 9 10 | 10.4

Action                   |  1- 3 |  4- 6 |  7- 9 | 10-12 || total
-------------------------+-------+-------+-------+-------++-------
Melee: Falchion          |    64 |   114 |       |       ||   178
       Headbutt          |    15 |    28 |    46 |    45 ||   134
       Great sword       |       |     8 |   293 |   200 ||   501
Invok: Berserk           |       |     1 |     2 |     3 ||     6
       Trog's Hand       |       |       |       |     1 ||     1
  Use: Scroll            |       |       |     8 |     4 ||    12
       Potion            |       |       |       |     2 ||     2
  Eat: Chunk             |    12 |     6 |    21 |    14 ||    53
       Ration            |       |       |     1 |       ||     1
Armor: Animal skin       |     2 |       |       |       ||     2
       Plate armour      |    18 |   104 |   223 |    41 ||   386
       Scale mail        |       |       |       |    52 ||    52
Dodge: Dodged            |    34 |    50 |   158 |   205 ||   447
       Rpst.: Falchion   |    10 |     7 |       |       ||    17
       Great sword       |       |     1 |    39 |    43 ||    83

Table legend:
 A = Spawn XP
 B = Non-spawn XP
 C = Spawn XP percentage of total XP
 D = Spawn monster count
 E = Non-spawn monster count
 F = Spawn count percentage of total count
 G = Total turns spent on level
                    A         B        C        D         E        F      G
               +---------+---------+-------+---------+---------+-------+---------
         Total |       0 |   17311 |   0.0 |       0 |     267 |   0.0 |  9879
               +---------+---------+-------+---------+---------+-------+---------
           D:1 |       0 |      20 |   0.0 |       0 |       9 |   0.0 |   492
           D:2 |       0 |      98 |   0.0 |       0 |      19 |   0.0 |   656
           D:3 |       0 |     124 |   0.0 |       0 |      28 |   0.0 |   762
           D:4 |       0 |     638 |   0.0 |       0 |      19 |   0.0 |  1204
           D:5 |       0 |     730 |   0.0 |       0 |      26 |   0.0 |  1396
           D:6 |       0 |     936 |   0.0 |       0 |      38 |   0.0 |   941
           D:7 |       0 |    1403 |   0.0 |       0 |      29 |   0.0 |   610
           D:8 |       0 |    4960 |   0.0 |       0 |      37 |   0.0 |  1750
           D:9 |       0 |    6277 |   0.0 |       0 |      44 |   0.0 |  1516
        Lair:1 |       0 |    1975 |   0.0 |       0 |      12 |   0.0 |   212
         Sewer |       0 |     150 |   0.0 |       0 |       6 |   0.0 |   340
               +---------+---------+-------+---------+---------+-------+---------
